 Dungeon Crawl Stone Soup version 0.27.1-4-g1640c2035a (webtiles) character file.

Game seed: 10865077366812345389

42 adizb the Grave Robber (level 3, -6/24 HPs)
             Began as a Mummy Necromancer on Nov 14, 2021.
             Killed from afar by an orc wizard (18 damage)
             ... with a puff of flame
             ... on level 2 of the Dungeon.
             The game lasted 00:07:16 (728 turns).

adizb the Grave Robber (Mummy Necromancer)           Turns: 728, Time: 00:07:16

Health: -6/24      AC:  3    Str: 11    XL:     3   Next: 33%
Magic:  1/7        EV: 12    Int: 15    God:
Gold:   65         SH:  0    Dex: 12    Spells: 3/8 levels left

rFire    x . .     SeeInvis .   e - +0 dagger
rCold    + . .     Faith    .   (no shield)
rNeg     + + +     Spirit   .   a - +0 robe
rPois    ∞         Reflect  .   (no helmet)
rElec    .         Harm     .   (no cloak)
rCorr    .         Rampage  .   d - +0 pair of gloves
Will     .....                  (no boots)
Stlth    +.........             (no amulet)
HPRegen  0.08/turn              (no ring)
MPRegen  0.10/turn              (no ring)

@: confused
A: cold resistance 1, negative energy resistance 3, torment resistance 2, heat
vulnerability 1, no potions
a: no special abilities


You were on level 2 of the Dungeon.
You visited 1 branch of the dungeon, and saw 2 of its levels.

You collected 65 gold pieces.

Inventory:

Hand Weapons
 e - a +0 dagger (weapon)
Missiles
 g - 19 poisoned darts (quivered)
Armour
 a - a +0 robe (worn)
 d - a +0 pair of gloves (worn)
Scrolls
 b - a scroll of fog {unknown}
 c - a scroll of enchant weapon {unknown}
 f - a scroll of identify {unknown}
 h - 3 scrolls of amnesia {unknown}


   Skills:
 + Level 1.9 Dodging
 + Level 1.8 Stealth
 + Level 0.4 Shields
 * Level 3.2 Spellcasting
 + Level 0.5 Hexes
 * Level 4.2 Necromancy
 + Level 0.6 Invocations


You had 3 spell levels left.
You knew the following spells:

 Your Spells              Type           Power      Damage    Failure   Level
a - Pain                  Necr           60%        1d7       3%          1
b - Animate Skeleton      Necr           30%        N/A       3%          1
c - Vampiric Draining     Necr           7%         2d7       10%         3

Your spell library contained the following spells:

 Spells                   Type           Power      Damage    Failure   Level
 Animate Dead             Necr           7%         N/A       32%         4
 Agony                    Necr           15%        N/A       67%         5


Dungeon Overview and Level Annotations

Branches:
Dungeon (2/15)

Altars:


Innate Abilities, Weirdness & Mutations

You are immune to poison.
Your flesh is cold resistant. (rC+)
You are immune to negative energy. (rN+++)
You are immune to unholy pain and torment.
You are vulnerable to heat. (rF-)
You do not drink.


Message History

Aim: an orc, wielding a +0 dagger and wearing a +0 chain mail (heavily wounded, poisoned, 64% to hit)
You throw a poisoned dart.
The poisoned dart barely misses the orc.
The poisoned dart closely misses the orc.
You kill the orc!
Something hits you.
Your orc skeleton hits the orc but does no damage.
The orc barely misses your orc skeleton.
Throw: 23 darts (poison)
Press: ? - help, Q - select action, (/) - cycle Shift-Dir - straight line, f/p - orc
Aim: an orc, wielding a +0 dagger and wearing a +0 chain mail (severely wounded, poisoned, 64% to hit)
You throw a poisoned dart. Something hits you.
The orc hits your orc skeleton with a +0 dagger.
Your orc skeleton is destroyed!
Throw: 22 darts (poison)
Press: ? - help, Q - select action, (/) - cycle Shift-Dir - straight line, f/p - orc
Aim: an orc, wielding a +0 dagger and wearing a +0 chain mail (severely wounded, unaware, poisoned, hasn't noticed you, 64% to hit)
You throw a poisoned dart. The poisoned dart hits the orc.
The orc is severely wounded.
You hear some strange, mumbled words.
Something tries to affect you, but you resist.
Throw: 21 darts (poison)
Press: ? - help, Q - select action, (/) - cycle Shift-Dir - straight line, f/p - orc
Aim: an orc, wielding a +0 dagger and wearing a +0 chain mail (almost dead, poisoned, 64% to hit)
You throw a poisoned dart.
The poisoned dart barely misses the orc.
The poisoned dart barely misses the hobgoblin.
You kill the orc!
You hear some strange, mumbled words.
You are confused.
Non-targeted confused throw: 20 darts (poison)
Press: ? - help, Q - select action, (/) - cycle Dir - look around, f - activate Look: a hobgoblin You throw a poisoned dart.
You hear some strange, mumbled words.
A puff of flame appears from out of thin air!
The puff of flame hits you!! The fire burns you terribly!
Ouch! That really hurt!
You die...

.# ## .# .#
#######.#
.##########.....(.
............# #))
##########..####g#
#.....#{#
##.##.#@#
####...[..#
#........##
#..###.#.# #####
.#..###.#.#......
.................
..#........#......
..#.........#####.
..# #...#####.#
....#


You could see a hobgoblin.

Vanquished Creatures
  An adder (D:2)
  A dart slug (D:2)
  3 orcs (D:2)
  2 ball pythons (D:2)
  2 bats (D:1)
  2 endoplasms (D:1)
  A giant cockroach (D:1)
  2 goblins (D:1)
  A hobgoblin (D:1)
  7 jackals
  2 kobolds (D:2)
  2 frilled lizards (D:1)
  2 rats (D:1)
28 creatures vanquished.

Notes
Turn   | Place    | Note
-------+----------+-------------------------------------------
     0 | D:1      | adizb the Mummy Necromancer began the quest for the Orb.
     0 | D:1      | Reached XP level 1. HP: 13/13 MP: 4/4
   170 | D:1      | Reached XP level 2. HP: 19/19 MP: 2/5
   219 | D:1      | Found a faded altar of an unknown god.
   550 | D:2      | Learned a level 1 spell: Animate Skeleton
   599 | D:2      | Reached XP level 3. HP: 13/24 MP: 0/7
   673 | D:2      | Learned a level 3 spell: Vampiric Draining
   728 | D:2      | Killed from afar by an orc wizard

Illustrated notes

Levels and vault maps discovered:
D:1:      dpeg_arrival_rooms_a, layout_rooms,
          hellmonk_ecumenical_altar_slurped_away, minmay_heptomino_o4
D:2:      layout_loops_cross

Skill      XL: |  1  2 |
---------------+-------+-----
Spellcasting   | 3 |  3.2
Dodging        | |  1.9
Stealth        | |  1.8
Shields        | |  0.4
Hexes          | |  0.5
Necromancy     | |  4.2
Invocations    | |  0.6

Action                   || total
-------------------------++-------
Melee: Unarmed           ||     3
       Dagger            ||    22
Throw: Dart              ||     8
 Cast: Pain              ||    44
       Animate Skeleton  ||     4
Armor: Robe              ||    13
Dodge: Dodged            ||    26
